 Dungeon Crawl Stone Soup version 0.27-a0-1123-g2f9bb313c0 (webtiles) character file.

Game seed: 11923705889647918057

510 wakim the Conjurer (level 6, -1/48 HPs)
             Began as a Deep Elf Conjurer on May 3, 2021.
             Slain by Duvessa
             ... wielding a +0 short sword
              (22 damage)
             ... on level 4 of the Dungeon.
             The game lasted 00:12:54 (5634 turns).

wakim the Conjurer (Deep Elf Conjurer)              Turns: 5634, Time: 00:12:55

Health: -1/48      AC:  6    Str:  6    XL:     6   Next: 98%
Magic:  0/15       EV: 13    Int: 31    God:
Gold:   132        SH:  9    Dex: 13    Spells: 3/14 levels left

rFire    . . .     SeeInvis .   a - +1 dagger
rCold    + . .     Faith    .   c - +0 buckler
rNeg     . . .     Spirit   .   d - +0 robe
rPois    .         Reflect  +   (no helmet)
rElec    .         Harm     .   h - +0 cloak
rCorr    .         Rampage  +   j - +0 pair of gloves
Will     .....                  f - +1 pair of boots
Stlth    ..........             i - amulet "Juduotysur" {Reflect Rampage rC+ Will- Int+8 SH+5}
HPRegen  0.16/turn              (no ring)
MPRegen  0.14/turn              (no ring)

@: berserking, very quick
A: no striking features
a: no special abilities


You were on level 4 of the Dungeon.
You visited 1 branch of the dungeon, and saw 4 of its levels.

You collected 132 gold pieces.

Inventory:

Hand Weapons
 a - a +1 dagger (weapon)
Armour
 c - a +0 buckler (worn)
 d - a +0 robe (worn)
 f - a +1 pair of boots (worn)
 h - a +0 cloak (worn)
 j - a +0 pair of gloves (worn)
Jewellery
 i - the amulet "Juduotysur" (around neck) {Reflect Rampage rC+ Will- Int+8 SH+5}
   (You acquired it on level 3 of the Dungeon)

   [amulet of reflection]

   It reflects blocked missile attacks.
   It affects your intelligence (+8).
   It protects you from cold.
   It affects your SH (+5).
   It bestows one free step when moving towards enemies.
   It decreases your willpower.
Wands
 t - a wand of digging (5)
Scrolls
 l - a scroll of brand weapon
Potions
 b - a potion of curing {unknown}
 e - a potion of degeneration {unknown}
 k - a potion of flight {unknown}
 C - a potion of berserk rage {!q}


   Skills:
 + Level 4.3 Dodging
 - Level 2.4 Stealth
 * Level 3.0 Shields
 + Level 4.9 Spellcasting
 * Level 6.5 Conjurations


You had 3 spell levels left.
You knew the following spells:

 Your Spells              Type           Power      Damage    Failure   Level
a - Magic Dart            Conj           100%       1d8       1%          1
s - Searing Ray           Conj           96%        3d7       1%          2
x - Iskenderun's Mystic   Conj/Tloc      28%        2d7       16%         4
z - Fulminant Prism       Conj/Hex       14%        3d9       16%         4

Your spell library contained the following spells:

 Spells                   Type           Power      Damage    Failure   Level
 Dazzling Flash           Conj/Hex       56%        N/A       4%          3


Dungeon Overview and Level Annotations

Branches:
Dungeon (4/15)
 Temple: D:4-7

Altars:

Shops:
D:3 (   D:4 [

Annotations:
D:4 Duvessa


Message History

Casting: Iskenderun's Mystic Blast (extremely dangerous; 16% risk of failure)
Confirm with . or Enter, or press ? or * to list all spells.
You don't have enough magic to cast this spell.
Duvessa is nearby!
Casting: Iskenderun's Mystic Blast (extremely dangerous; 16% risk of failure)
Confirm with . or Enter, or press ? or * to list all spells.
Okay, then.
You feel much better.
Duvessa rages.
Duvessa barely misses you. Duvessa hits you with a +0 short sword!
Ouch! That really hurt!
* * * LOW HITPOINT WARNING * * *
Duvessa rages.
Duvessa barely misses you.
Casting: Iskenderun's Mystic Blast (extremely dangerous; 16% risk of failure)
Confirm with . or Enter, or press ? or * to list all spells.
Aiming: Searing Ray (safe; 1% risk of failure)
Press: ? - help, Shift-Dir - straight line, f/p - Duvessa
Aim: Duvessa, wielding a +0 short sword and wearing a +0 leather armour (almost dead, berserk, 85% to hit)
The searing ray hits Duvessa.
Duvessa is almost dead. (Press . to maintain the ray.)
You block Duvessa's attack. You block Duvessa's attack.
Okay, then.
Okay, then.
Okay, then.
Really quaff
C - 2 potions of berserk rage {!q}?
A red film seems to cover your vision as you go berserk!
You feel yourself moving faster!
You feel mighty! Duvessa hits you with a +0 short sword.
* * * LOW HITPOINT WARNING * * *
You hit Duvessa but do no damage.
Duvessa is almost dead.
Duvessa barely misses you.
You barely miss Duvessa.
Duvessa is almost dead.
Duvessa hits you with a +0 short sword!!
You die...

#..# #..# #..# ## #..# .#
#..############## .#
#..)............# .#
###.##g############.# .#
............e.# #.# .#
####.####.###@# #.# .# #
........# #∩# .# .....#####
#.#
.######################.###
..................).......#
.##########################
##


You could see Duvessa (berserk) and a goblin.

Vanquished Creatures
  An orc warrior (D:3)
  An ogre (D:4)
  Dowan (D:4)
  A hound (D:3)
  A bullfrog skeleton (D:4)
  Crazy Yiuf (D:4)
  2 iguanas (D:4)
  An orc wizard (D:4)
  5 adders
  3 worms
  A dart slug (D:4)
  6 orcs
  5 ball pythons
  5 endoplasms
  4 giant cockroaches
  4 goblins
  5 hobgoblins
  5 jackals
  4 quokkas
  2 bats
  3 frilled lizards
  3 kobolds
  4 rats
68 creatures vanquished.

Notes
Turn   | Place    | Note
-------+----------+-------------------------------------------
     0 | D:1      | wakim the Deep Elf Conjurer began the quest for the Orb.
     0 | D:1      | Reached XP level 1. HP: 10/10 MP: 6/6
   820 | D:1      | You fall into a shaft and drop 1 floor!
   870 | D:2      | Reached XP level 2. HP: 3/15 MP: 0/8
  1111 | D:2      | Learned a level 2 spell: Searing Ray
  1224 | D:2      | Found a faded altar of an unknown god.
  2527 | D:3      | Reached skill level 1 in Shields
  2527 | D:3      | Reached skill level 5 in Conjurations
  2527 | D:3      | Reached XP level 3. HP: 19/19 MP: 6/10
  2831 | D:3      | Identified a scroll of acquirement
  2831 | D:3      | Acquired the amulet "Juduotysur" {Reflect Rampage rC+ Will-
                  | Int+8 SH+5}
  2878 | D:3      | Reached XP level 4. HP: 24/24 MP: 6/11
  3180 | D:3      | Found Kueth's Antique Weapon Boutique.
  3511 | D:3      | Noticed an orc warrior
  3514 | D:3      | Killed an orc warrior
  3515 | D:3      | Reached XP level 5. HP: 26/28 MP: 5/13
  3702 | D:4      | Noticed Duvessa
  3702 | D:4      | Noticed Dowan
  4096 | D:4      | Found a runed translucent door.
  4097 | D:4      | Noticed Crazy Yiuf
  4103 | D:4      | Killed Crazy Yiuf
  4104 | D:4      | Reached skill level 6 in Conjurations
  4104 | D:4      | Reached XP level 6. HP: 12/32 MP: 9/14
  5292 | D:4      | Found Yschec Ynlie's Antique Armour Shoppe.
  5599 | D:4      | Killed Dowan
  5609 | D:4      | Learned a level 4 spell: Fulminant Prism
  5614 | D:4      | Learned a level 4 spell: Iskenderun's Mystic Blast
  5634 | D:4      | Slain by Duvessa

Illustrated notes

Levels and vault maps discovered:
D:1:      roderic_octagonal_star, layout_basic
D:2:      layout_basic, ebering_ecumenical_altar_webs
D:3:      layout_basic, serial_shops, nicolae_shop_stone,
          kennysheep_generic_room_4
D:4:      layout_basic, serial_shops, shop, roderic_lattice_a, uniq_duvessa,
          uniq_crazy_yiuf_cottage

Skill      XL: |  1  2  3  4  5  6 |
---------------+-------------------+-----
Dodging        | 3 4 |  4.3
Shields        | 1 2 3 |  3.0
Conjurations   | 5 6 |  6.5
Spellcasting   | 4 |  4.9
Stealth        | |  2.4

Action                   |  1- 3 |  4- 6 || total
-------------------------+-------+-------++-------
Melee: Dagger            |       |    10 ||    10
 Cast: Magic Dart        |    29 |    26 ||    55
       Searing Ray       |    15 |    26 ||    41
       Iskenderun's Myst |       |     2 ||     2
  Use: Scroll            |     5 |     5 ||    10
       Potion            |       |     3 ||     3
Armor: Robe              |     4 |     7 ||    11
Dodge: Dodged            |     3 |    15 ||    18
Block: Buckler           |     1 |     7 ||     8

Table legend: (Time is in decaauts)
 A = Elapsed time spent in this place.
 B = Non-inter-level travel time spent in this place.
 C = Inter-level travel time spent in this place.
 D = Time resting spent in this place.
 E = Time spent auto-exploring this place.
 F = Levels seen in this place.
 G = Mean time per level.
                   A        B        C        D        E       F      G
               +--------+--------+--------+--------+--------+-----+--------+
         Total |   5636 |   5384 |    252 |    250 |   4620 |   4 | 1409.0 |
       Dungeon |   5636 |   5384 |    252 |    250 |   4620 |   4 | 1409.0 |
               +--------+--------+--------+--------+--------+-----+--------+

Top non-repeatable levels by time:
     D:4: 1784 daAuts
     D:3: 1335 daAuts
     D:2: 1289 daAuts
     D:1: 1227 daAuts
